AoeStats
← roman428

Arena

510566129Analyzed
3v3 RM · 2d ago on Oct 1, 2026· 40m 50s· 6 players
Game mode
Random Map
Map size
Normal (6 player)
Population
200
Speed
Normal
Resources
Standard
Victory
Conquest
Starting age
Dark Age
Ending age
Imperial Age
RankedLock teamsTeams togetherTeam positionsShared explorationLock speedFull tech treeHidden civsTurbo modeCheats
Victory
Defeat
🇹🇷 Lithuanians · Türkiye
1023
+14
🇳🇱 Georgians · Netherlands
1003
+15
🇨🇳 Slavs · China
971
+15
🇺🇦 Portuguese · Ukraine
983
-15
🇺🇦 Varangians · Ukraine
975
-15
🇺🇦 Chinese · Ukraine
953
-14
sfdejonge
3:18 Loom
10:26 Feudal Age
16:24 Castle Age
14:58 Double-Bit Axe
18:02 Wheelbarrow
19:17 Bow Saw
20:33 Hand Cart
22:31 Horse Collar
25:42 Gold Mining
25:44 Stone Mining
28:36 Heavy Plow
29:47 Light Cavalry
34:02 Imperial Age
31:59 Bloodlines
31:52 Husbandry
32:55 Town Watch
33:24 Forging
33:47 Scale Barding Armor
34:21 Svan Towers
34:56 Iron Casting
35:22 Chain Barding Armor
34:53 Fletching
35:19 Cavalier
37:10 Blast Furnace
38:21 Plate Barding Armor
38:35 Stone Shaft Mining
38:46 Elite Monaspa
39:31 Bodkin Arrow
40:16 Masonry
40:12 Siege Engineers
40:27 Bracer
小怪兽
0:29 Loom
11:10 Feudal Age
15:19 Castle Age
13:20 Double-Bit Axe
13:20 Horse Collar
15:13 Man-at-Arms
16:24 Squires
17:16 Scale Mail Armor
18:41 Long Swordsman
20:17 Forging
21:55 Bow Saw
23:55 Heavy Plow
24:32 Gold Mining
24:33 Stone Mining
25:37 Fortified Wall
28:31 Wheelbarrow
30:06 Gold Shaft Mining
29:08 Pikeman
35:29 Imperial Age
33:15 Hand Cart
35:43 Halberdier
36:37 Detinets
36:58 Conscription
38:04 Two-Man Saw
37:03 Onager
38:04 Chain Mail Armor
38:25 Iron Casting
38:04 Siege Engineers
39:00 Chemistry
38:22 Ballistics
38:14 Caravan
39:25 Siege Onager
Jewish MasterMind
10:05 Feudal Age
14:47 Castle Age
12:46 Double-Bit Axe
13:29 Horse Collar
15:19 Loom
17:13 Fervor
19:55 Town Watch
19:55 Loom
21:36 Wheelbarrow
25:09 Stone Mining
25:21 Heavy Plow
25:57 Bow Saw
29:31 Imperial Age
27:55 Hand Cart
27:38 Gold Mining
28:28 Stone Shaft Mining
28:04 Scale Barding Armor
29:05 Town Patrol
30:24 Chain Barding Armor
30:15 Forging
30:54 Husbandry
31:04 Bloodlines
30:15 Cavalier
31:56 Plate Barding Armor
32:39 Two-Man Saw
32:11 Crop Rotation
32:54 Conscription
33:16 Iron Casting
32:48 Paladin
35:37 Light Cavalry
39:19 Murder Holes
40:23 Winged Hussar
beccTpawHuu
9:54 Feudal Age
14:13 Castle Age
14:42 Double-Bit Axe
14:41 Horse Collar
20:39 Loom
27:40 Fletching
30:12 Arson
30:28 Squires
35:27 Forging
35:17 Scale Mail Armor
39:39 Iron Casting
39:20 Chain Mail Armor
S.T.A.L.K.E.Rочок)
10:29 Feudal Age
12:08 Loom
16:07 Castle Age
15:01 Horse Collar
15:09 Double-Bit Axe
17:17 Bow Saw
17:08 Heavy Plow
20:39 Gold Mining
30:10 Wheelbarrow
33:58 Imperial Age
31:47 Hand Cart
32:41 Scale Mail Armor
32:51 Forging
33:24 Squires
35:11 Conscription
34:39 Elite Fire Lancer
36:09 Iron Casting
35:50 Chain Mail Armor
35:03 Heavy Rocket Cart
38:20 Heavy Scorpion
39:28 Rocketry
roman428
10:28 Feudal Age
14:31 Castle Age
13:22 Horse Collar
13:31 Double-Bit Axe
16:00 Bow Saw
20:49 Heavy Plow
27:00 Wheelbarrow
26:30 Caravan
29:13 Imperial Age
26:38 Town Watch
27:45 Ballistics
27:14 Treadmill Crane
27:53 Thumb Ring
28:27 Masonry
27:46 Elite Skirmisher
29:39 Hand Cart
32:16 Chemistry
31:31 Guard Tower
31:59 Gold Mining
33:13 Two-Man Saw
32:45 Crop Rotation
32:49 Padded Archer Armor
32:42 Fletching
33:47 Town Patrol
33:58 Bodkin Arrow
34:19 Leather Archer Armor
38:19 Keep
37:41 Murder Holes
40:20 Pikeman
Connection lost

Rejoining the realm…

Still unreachable

The connection could not be restored.

Session expired

The server has moved on; the page needs a fresh start.